 Dungeon Crawl Stone Soup version 0.29-a0-721-g7f417c9bbb (webtiles) character file.

Game seed: 16871690271492874341

2744 crusatyr the Cleaver (level 9, -2/70 HPs)
             Began as a Hill Orc Monk on June 27, 2022.
             Shot with an arrow by a centaur (14 damage)
             ... on level 6 of the Dungeon.
             The game lasted 00:15:53 (7767 turns).

crusatyr the Cleaver (Hill Orc Monk)                Turns: 7767, Time: 00:15:53

Health: -2/70      AC:  0    Str: 18    XL:     9   Next: 68%
Magic:  9/9        EV:  9    Int: 10    God:
Gold:   197        SH:  5    Dex: 13    Spells: 8/8 levels left

rFire   . . .      SeeInvis .   a - +0 hand axe (freeze)
rCold   . . .      Faith    .   y - +0 buckler
rNeg    . . .      Spirit   .   g - +1 plate armour
rPois   +          Reflect  .   (no helmet)
rElec   .          Harm     .   B - +1 cloak {rPois}
rCorr   .          Rampage  .   (no gloves)
Will    .....                   (no boots)
Stlth   ..........              n - amulet of regeneration
HPRegen 1.01/turn               l - +4 ring of protection
MPRegen 0.11/turn               s - +4 ring of evasion

@: corroded, hasted, very quick
A: no striking features
a: no special abilities


You were on level 6 of the Dungeon.
You visited 2 branches of the dungeon, and saw 7 of its levels.
You also visited: Sewer and Ossuary.

You collected 437 gold pieces.
You spent 240 gold pieces at shops.

Inventory:

Hand Weapons
 a - a +0 hand axe of freezing (weapon)
 i - a +0 mace
 u - a +1 broad axe
Armour
 g - a +1 plate armour (worn)
 y - a +0 buckler (worn)
 B - a +1 cloak of poison resistance (worn)
 E - a scarf of invisibility
Jewellery
 j - a ring of protection from cold
 l - a +4 ring of protection (left hand)
 n - an amulet of regeneration (around neck)
 r - a ring of ice
 s - a +4 ring of evasion (right hand)
Wands
 e - a wand of flame (43)
 m - a wand of iceblast (10)
Scrolls
 f - 2 scrolls of enchant armour
 t - a scroll of enchant weapon
 C - 2 scrolls of fog
 D - a scroll of immolation
 F - a scroll of silence {unknown}
 H - a scroll of identify
 I - a scroll of teleportation
 J - a scroll of amnesia
Potions
 b - 4 potions of curing
 c - 2 potions of ambrosia
 d - 6 potions of mutation
 h - a potion of haste
 k - 3 potions of brilliance
 o - a potion of resistance
 p - 5 potions of might
 q - a potion of flight
 v - a potion of cancellation
 w - a potion of degeneration {unknown}
 x - a potion of magic {unknown}
 z - a potion of attraction {unknown}
 A - a potion of lignification {unknown}
 G - a potion of berserk rage {unknown}


   Skills:
 - Level 3.6 Fighting
 * Level 13.2 Axes
 - Level 4.1 Armour
 - Level 2.4 Dodging
 - Level 1.5 Stealth
 + Level 5.6 Shields
 - Level 5.0 Evocations


You had 8 spell levels left.
You didn't know any spells.
Your spell library contained the following spells:

 Spells                   Type           Power      Damage    Failure   Level
 Shock                    Conj/Air       0%         1d3       100%        1
 Summon Small Mammal      Summ           0%         N/A       100%        1
 Blink                    Tloc           0%         N/A       100%        2
 Poisonous Vapours        Pois/Air       0%         N/A       100%        2
 Call Canine Familiar     Summ           0%         N/A       100%        3
 Ignite Poison            Fire/Tmut/Pois 0%         N/A       100%        3
 Lesser Beckoning         Tloc           0%         N/A       100%        3
 Mephitic Cloud           Conj/Pois/Air  0%         N/A       100%        3
 Summon Guardian Golem    Hex/Summ       0%         N/A       100%        3
 Swiftness                Air            0%         N/A       100%        3
 Airstrike                Air            0%         N/A       100%        4
 Corpse Rot               Necr/Pois/Air  0%         N/A       100%        4
 Freezing Cloud           Conj/Ice/Air   0%         6-21      100%        5
 Manifold Assault         Tloc           0%         N/A       100%        5


Dungeon Overview and Level Annotations

Branches:
Dungeon (6/15)             Temple (1/1) D:5           Sewer (visited)
Ossuary (visited)

Altars:
Ashenzari
Cheibriados
Dithmenos
Elyvilon
Fedhas
Gozag
Hepliaklqana
Kikubaaqudgha
Makhleb
Qazlal
Ru
Sif Muna
Trog
Uskayaw
Wu Jian
Xom
Yredelemnul
Zin
The Shining One

Shops:
D:2 [

Annotations:
D:3 Grinder
D:5 Edmund


Message History

You hit the centaur but do no damage.
The centaur is heavily wounded.
The centaur hits you. The centaur barely misses you.
You hit the centaur but do no damage.
The centaur is heavily wounded.
The centaur barely misses you. x2
You hit the centaur but do no damage.
The centaur is heavily wounded.
You block the centaur's attack. The centaur kicks you.
You hit the centaur but do no damage.
The centaur is heavily wounded.
The centaur misses you. The centaur kicks you.
You hit the centaur but do no damage.
The centaur is heavily wounded.
The centaur closely misses you. The centaur kicks you.
* * * LOW HITPOINT WARNING * * *
You feel yourself speed up. The centaur hits you.
* * * LOW HITPOINT WARNING * * *
The centaur kicks you.
* * * LOW HITPOINT WARNING * * *
The centaur wields a +0 shortbow.
The centaur shoots an arrow.
The arrow hits you!
* * * LOW HITPOINT WARNING * * *
The centaur shoots an arrow.
The arrow hits you!
* * * LOW HITPOINT WARNING * * *
The centaur shoots an arrow.
You block the arrow.
You feel better.
Okay, then.
The centaur shoots an arrow.
The arrow hits you!
* * * LOW HITPOINT WARNING * * *
Your extra speed is starting to run out.
You feel yourself slow down.
The centaur shoots an arrow.
The arrow barely misses you.
The centaur shoots an arrow.
The arrow hits you!
* * * LOW HITPOINT WARNING * * *
You feel yourself speed up.
The centaur shoots an arrow.
The arrow hits you!
* * * LOW HITPOINT WARNING * * *
The centaur shoots an arrow.
The arrow completely misses you.
The centaur shoots an arrow.
The arrow hits you!
You die...

#.# #.# #.# ###### #.# # #....##
#.# .# ##.##..###### #.# ..#
#####...##......#####.########..
).##.....##.........c..........
#)#)......#.....@####.#####..#
#))..._........).####.#####..#..#
###.......#......#..............#
##.....##........c.............
#####...###....##################
....##.## #....# ###...
.......####....# ###.....
............#### ##.....))
........)...'..# ##..ยง..###


You could see a centaur.

Vanquished Creatures
  Sigmund (D:6)
  A steam dragon (D:6)
  A water moccasin (D:5)
  An ice beast (D:5)
  A black bear (D:5)
  An ogre (D:6)
  An elf zombie (Ossuary)
  2 bullfrogs (Sewer)
  A gnoll sergeant (D:6)
  2 necrophages
  6 scorpions
  5 killer bees (D:5)
  2 howler monkeys
  3 centaur zombies (Ossuary)
  A human zombie (Ossuary)
  3 gnoll shamans
  2 jellies
  2 orc priests
  3 hounds
  3 iguanas
  3 orc wizards
  2 hound zombies (Ossuary)
  3 mummies (Ossuary)
  9 gnolls
  12 adders
  2 shadow imps
  5 adder zombies (Ossuary)
  3 worms (D:2)
  4 dart slugs
  14 orcs
  12 ball pythons
  7 bats
  7 endoplasms
  10 giant cockroaches (Sewer)
  A gnoll zombie (Ossuary)
  3 goblins
  5 hobgoblins
  7 quokkas
  14 frilled lizards
  3 goblin zombies (Ossuary)
  4 hobgoblin zombies (Ossuary)
  5 jackal zombies (Ossuary)
  13 kobolds
  2 kobold zombies (Ossuary)
  2 orc zombies (Ossuary)
  4 quokka zombies (Ossuary)
  5 rats
  4 rat zombies (Ossuary)
207 creatures vanquished.

Vanquished Creatures (others)
  A howler monkey (D:6)
  An orc wizard (D:5)
  2 gnolls (D:6)
4 creatures vanquished.

Grand Total: 211 creatures vanquished

Notes
Turn   | Place    | Note
-------+----------+-------------------------------------------
     0 | D:1      | crusatyr the Hill Orc Monk began the quest for the Orb.
     0 | D:1      | Reached XP level 1. HP: 19/19 MP: 1/1
   470 | D:1      | Reached XP level 2. HP: 25/26 MP: 2/2
   782 | D:1      | Reached skill level 5 in Axes
  1207 | D:1      | Reached XP level 3. HP: 26/31 MP: 3/3
  1692 | D:2      | Reached skill level 1 in Armour
  2343 | D:2      | Found Hool's Antique Armour Shop.
  2363 | D:2      | Reached XP level 4. HP: 38/39 MP: 4/4
  2642 | D:2      | Reached skill level 6 in Axes
  3134 | D:3      | Found a snail-covered altar of Cheibriados.
  3183 | D:3      | Found an opulent altar of Gozag.
  3329 | D:3      | Noticed Grinder
  3553 | D:3      | Reached skill level 1 in Evocations
  3617 | D:3      | Found a broken altar of Ashenzari.
  3619 | D:3      | Found a sacrificial altar of Ru.
  3662 | D:3      | Found a faded altar of an unknown god.
  3677 | D:3      | Paralysed by Grinder for 2 turns
  3809 | D:3      | Reached XP level 5. HP: 45/45 MP: 5/5
  4029 | D:4      | Reached skill level 7 in Axes
  4029 | D:4      | Reached XP level 6. HP: 51/51 MP: 6/6
  4030 | D:4      | Found a white marble altar of Elyvilon.
  4233 | D:4      | Found a sand-covered staircase.
  4246 | Ossuary  | Entered an ossuary
  4364 | Ossuary  | Reached skill level 8 in Axes
  4452 | Ossuary  | Reached XP level 7. HP: 57/57 MP: 7/7
  4785 | D:4      | Reached skill level 9 in Axes
  5258 | D:2      | Bought a glowing cloak for 240 gold pieces
  5304 | D:5      | Entered Level 5 of the Dungeon
  5309 | D:5      | Found a glowing drain.
  5330 | Sewer    | Entered a sewer
  5368 | Sewer    | Reached skill level 1 in Shields
  5461 | Sewer    | Reached XP level 8. HP: 64/64 MP: 8/8
  5678 | D:5      | Reached skill level 10 in Axes
  5860 | D:5      | Reached skill level 11 in Axes
  5901 | D:5      | Reached skill level 5 in Evocations
  5913 | D:5      | Reached XP level 9. HP: 48/70 MP: 9/9
  6586 | D:5      | Noticed Edmund
  6707 | D:5      | Found a staircase to the Ecumenical Temple.
  6716 | Temple   | Entered the Ecumenical Temple
  7074 | D:6      | Reached skill level 12 in Axes
  7075 | D:6      | Found a shimmering altar of Xom.
  7213 | D:6      | Noticed Sigmund
  7253 | D:6      | Killed Sigmund
  7254 | D:6      | Reached skill level 5 in Shields
  7625 | D:6      | Reached skill level 13 in Axes
  7719 | D:6      | HP: 1/70 [centaur/arrow (9)]
  7767 | D:6      | Shot with an arrow by a centaur

Illustrated notes

Levels and vault maps discovered:
D:1:      ebering_trefoil_3fold, layout_basic, roderic_lattice_a
D:2:      layout_loops_cross, serial_shops, shop, serial_co_window_serial,
          co_window_paths_b, co_window_of_opportunity_a, co_window_corner_a,
          co_window_corner_a, co_window_paths_b, co_window_broadway_b,
          co_window_2corner, co_window_of_opportunity_b, glass_columns_b,
          glass_columns_a, glass_columns_b, grunt_ministairs_13,
          kennysheep_nondescript
D:3:      layout_loops_ring, grunt_temple_overflow_open,
          mainiacjoe_overflow_brackets, amcnicky_altar_gilded,
          basic_ecumenical_altar, hangedman_decor_opposing, uniq_grinder
D:4:      layout_basic, mainiacjoe_overflow_paths,
          lightli_ossuary_entry_decrepit_ruins, dk_vineyard_3,
          wad_rectangle_vault
D:5:      layout_rooms, lemuel_temple_firewalk_b, portal_sewer_entry_d,
          minmay_fountain_box, supply_closet_lemuel, minmay_increasing_density,
          uniq_edmund
D:6:      layout_basic, lemuel_round_altar, serial_curves, eino_curves_02,
          eino_curves_01, uniq_sigmund
Temple:   compressed_dpeg_triangle_lava_temple

Skill      XL: |  1  2  3  4  5  6  7  8  9 |
---------------+----------------------------+-----
Axes           | 5 6 7 8 9 11 13 | 13.2
Armour         | 1 2 3 4 |  4.1
Evocations     | 1 2 3 5 |  5.0
Shields        | 1 3 5 |  5.6
Fighting       | |  3.6
Dodging        | |  2.4
Stealth        | |  1.5

Action                   |  1- 3 |  4- 6 |  7- 9 || total
-------------------------+-------+-------+-------++-------
Melee: Hand axe          |   132 |   263 |   634 ||  1029
       Punch             |       |     2 |     1 ||     3
  Use: Scroll            |       |    10 |     6 ||    16
       Potion            |       |       |     4 ||     4
Armor: Robe              |    12 |       |       ||    12
       Plate armour      |    51 |   152 |   320 ||   523
Dodge: Dodged            |    65 |    61 |   250 ||   376
Block: Buckler           |       |       |   102 ||   102

Table legend: (Time is in decaauts)
 A = Elapsed time spent in this place.
 B = Non-inter-level travel time spent in this place.
 C = Inter-level travel time spent in this place.
 D = Time resting spent in this place.
 E = Time spent auto-exploring this place.
 F = Levels seen in this place.
 G = Mean time per level.
                   A        B        C        D        E       F      G
               +--------+--------+--------+--------+--------+-----+--------+
         Total |   7665 |   7191 |    474 |    403 |   4763 |   9 |  851.7 |
       Dungeon |   6779 |   6315 |    464 |    403 |   4350 |   6 | 1129.8 |
        Temple |    232 |    222 |     10 |      0 |    213 |   1 |  232.0 |
         Sewer |    271 |    271 |      0 |      0 |     78 |   1 |  271.0 |
       Ossuary |    382 |    382 |      0 |      0 |    122 |   1 |  382.0 |
               +--------+--------+--------+--------+--------+-----+--------+

Top non-repeatable levels by time:
     D:1: 1684 daAuts
     D:2: 1639 daAuts
     D:5: 1167 daAuts
     D:4: 810 daAuts
     D:3: 800 daAuts
     D:6: 677 daAuts
 Ossuary: 382 daAuts
   Sewer: 271 daAuts
  Temple: 232 daAuts
